 Dungeon Crawl Stone Soup version 0.25-a0-110-ge29c8f2358 (console) character file.

Game seed: 15405378870869409369, levelgen mode: deterministic

1061 Kagalorn the Gusty (level 8, -5/56 HPs)
             Began as a Halfling Air Elementalist on Nov 20, 2019.
             Slain by a scorpion (8 damage)
             ... on level 5 of the Dungeon.
             The game lasted 00:18:42 (4481 turns).

Kagalorn the Gusty (Halfling Air Elementalist)      Turns: 4481, Time: 00:18:42

Health: -5/56      AC:  9    Str:  9    XL:     8   Next: 52%
Magic:  0/11       EV: 21    Int: 15    God:
Gold:   237        SH:  0    Dex: 20    Spells: 7/11 levels left

rFire    . . .     SeeInvis .   h - +2 dagger (holy)
rCold    . . .     Gourm    .   (shield restricted)
rNeg     + . .     Faith    .   q - +2 robe {rN+}
rPois    .         Spirit   .   f - +0 helmet
rElec    .         Reflect  .   l - +0 cloak
rCorr    .         Harm     .   s - +0 pair of gloves (curse)
MR       .....                  u - +1 pair of boots
Stlth    +++.......             (no amulet)
HPRegen  0.18/turn              (no ring)
MPRegen  0.12/turn              (no ring)

@: agile
A: small, mutation resistance 1
a: no special abilities


You were on level 5 of the Dungeon.
You were hungry.

You visited 1 branch of the dungeon, and saw 5 of its levels.

You collected 237 gold pieces.

Inventory:

Hand Weapons
 h - a +2 dagger of holy wrath (weapon)
 j - a +0 rapier
 p - a +0 hunting sling
Missiles
 d - 79 stones (quivered)
 n - 46 sling bullets
Armour
 f - a +0 helmet (worn)
 l - a +0 cloak (worn)
 q - a +2 robe of positive energy (worn)
 s - a cursed +0 pair of gloves (worn)
 u - a +1 pair of boots (worn)
Jewellery
 w - an uncursed ring of positive energy {unknown}
Wands
 a - a wand of clouds (3)
Scrolls
 b - a scroll of identify {unknown}
 i - 2 scrolls of remove curse {unknown}
 k - 2 scrolls of enchant armour
 o - 2 scrolls of teleportation
 v - a scroll of blinking {unknown}
 x - a scroll of magic mapping {unknown}
Potions
 e - a potion of heal wounds
 g - a potion of agility
 m - a potion of mutation
 r - a potion of degeneration {unknown}
 t - a potion of curing
Comestibles
 c - 10 rations


   Skills:
 + Level 5.5 Fighting
 + Level 2.9 Dodging
 + Level 2.3 Stealth
 - Level 2.1 Spellcasting
 - Level 3.0 Conjurations
 - Level 6.0 Air Magic


You had 7 spell levels left.
You knew the following spells:

 Your Spells              Type           Power        Failure   Level  Hunger
a - Shock                 Conj/Air       ###.         3%          1    #......
b - Static Discharge      Conj/Air       ###.....     10%         3    ###....

Your spell library contained the following spells:

 Spells                   Type           Power        Failure   Level  Hunger
 Swiftness                Chrm/Air       ##......     10%         2    ###....
 Airstrike                Air            ###.......   19%         4    #####..
 Corona                   Hex            #......      22%         1    #......
 Ensorcelled Hibernation  Hex/Ice        #.....       32%         2    ###....
 Dazzling Spray           Conj/Hex       #.....       34%         3    ###....
 Confuse                  Hex            #.......     54%         3    ###....
 Tukima's Dance           Hex            #.......     54%         3    ###....
 Lightning Bolt           Conj/Air       ###.......   67%         5    ######.


Dungeon Overview and Level Annotations

Branches:
Dungeon (5/15)
 Temple: D:4-7

Altars:
Dithmenos
Gozag
Makhleb
Okawaru
Qazlal
Uskayaw


Innate Abilities, Weirdness & Mutations

You are small and have problems with some larger weapons.
You are somewhat resistant to further mutation.


Message History

The scorpion stings you.
* * * LOW HITPOINT WARNING * * *
You barely miss the scorpion.
The scorpion is moderately wounded.
The scorpion barely misses you.
You hit the scorpion.
The scorpion is moderately wounded.
The scorpion stings you.
* * * LOW HITPOINT WARNING * * *
Casting: Shock (safe; 3% risk of failure)
Confirm with . or Enter, or press ? or * to list all spells.
Aiming: Shock (safe; 3% risk of failure)
Press: ? - help, Shift-Dir - straight line The zap misses the scorpion.
The zap hits the scorpion.
The scorpion is heavily wounded.
The scorpion closely misses you.
You hit the scorpion but do no damage.
The scorpion is heavily wounded.
The scorpion stings you!
You die...

...................##..##.
............_...<.....#####
)........#............##..#####
...##....##..##...............##
... ..##.....####...............
#.....##..........)..#.#.
#.........#.##...........
#.......s#####.......#.#.
.<......@†...............
.........##.#............
).......#####............
......... ##...........
......... .............
.......#.. ...........). .......
#. .......#... ###....... ..
.......... ..#......


You could see a scorpion.

Vanquished Creatures
  A water moccasin (D:5)
  A phantom (D:4)
  2 ogres
  A howler monkey (D:4)
  A bullfrog zombie (D:5)
  A centaur skeleton (D:5)
  3 orc priests
  A gnoll shaman (D:4)
  2 hounds (D:4)
  An iguana (D:3)
  Jessica (D:3)
  Terence (D:3)
  3 orc wizards
  A worker ant (D:4)
  A killer bee zombie (D:5)
  A worker ant zombie (D:5)
  5 gnolls (D:4)
  7 adders
  An adder skeleton (D:4)
  3 worms
  4 dart slugs
  4 leopard geckos
  13 orcs
  2 giant cockroaches (D:4)
  5 goblins
  4 hobgoblins
  9 jackals
  5 kobolds
  A quokka (D:4)
  9 bats
  4 frilled lizards
  9 rats
107 creatures vanquished.

Notes
Turn   | Place    | Note
-------+----------+-------------------------------------------
     0 | D:1      | Kagalorn the Halfling Air Elementalist began the quest for
                  | the Orb.
     0 | D:1      | Reached XP level 1. HP: 11/11 MP: 3/3
   125 | D:1      | Reached XP level 2. HP: 18/18 MP: 0/4
   213 | D:1      | Reached skill level 1 in Conjurations
   633 | D:1      | Reached XP level 3. HP: 22/22 MP: 2/5
  1267 | D:1      | Reached skill level 4 in Air Magic
  1326 | D:2      | Reached skill level 1 in Fighting
  1345 | D:1      | Reached XP level 4. HP: 25/28 MP: 1/6
  1398 | D:2      | Noticed Terence
  1637 | D:2      | Found a burning altar of Makhleb.
  1756 | D:2      | You fall into a shaft and drop 1 floor!
  2038 | D:3      | Found an iron altar of Okawaru.
  2069 | D:3      | Reached XP level 5. HP: 25/33 MP: 2/7
  2128 | D:3      | Found an opulent altar of Gozag.
  2647 | D:3      | Killed Terence
  2647 | D:3      | Reached skill level 5 in Air Magic
  2647 | D:3      | Reached XP level 6. HP: 16/38 MP: 0/8
  2851 | D:3      | Noticed Jessica
  2854 | D:3      | Killed Jessica
  3338 | D:4      | Reached XP level 7. HP: 46/46 MP: 1/9
  3597 | D:4      | Found a stormy altar of Qazlal.
  3598 | D:4      | Found a shadowy altar of Dithmenos.
  3983 | D:4      | Reached skill level 5 in Fighting
  4015 | D:4      | Learned a level 3 spell: Static Discharge
  4028 | D:4      | Reached XP level 8. HP: 37/55 MP: 0/10
  4301 | D:5      | Entered Level 5 of the Dungeon
  4327 | D:5      | Noticed a +0 hand axe
  4328 | D:5      | Noticed a +0 dagger
  4329 | D:5      | Found a hide-covered altar of Uskayaw.
  4456 | D:5      | Reached skill level 6 in Air Magic
  4481 | D:5      | Slain by a scorpion

Levels and vault maps discovered:
D:1:      roderic_octagonal_star, layout_basic
D:2:      layout_rooms, lemuel_crystal_altar, uniq_terence
D:3:      layout_loops_cross, grunt_gozag_breadcrumbs,
          okawaru_ov_weapons_minmay, first_ration, uniq_jessica
D:4:      layout_loops_ring, gammafunk_temple_overflow_wave
D:5:      layout_cave_pools, old_standard_altar, dancing_weapons_uskayaw,
          minmay_temple_entry_statues_pillars, serial_glass, glass_columns_a,
          glass_columns_c, portal_sewer_entry_f, serial_bayou_pond_d,
          lightli_minifort, uniq_pikel

Skill      XL: |  1  2  3  4  5  6  7  8 |
---------------+-------------------------+-----
Conjurations   | 1 2 3 |  3.0
Air Magic      | 4 5 6 |  6.0
Fighting       | 1 3 5 |  5.5
Spellcasting   | 2 |  2.1
Dodging        | |  2.9
Stealth        | |  2.3

Action                   |  1- 3 |  4- 6 |  7- 9 || total
-------------------------+-------+-------+-------++-------
Melee: Dagger            |    57 |    67 |    39 ||   163
 Cast: Shock             |    43 |   100 |    97 ||   240
  Use: Potion            |       |       |     4 ||     4
       Scroll            |       |       |     2 ||     2
 Stab: Sleeping          |     2 |     4 |       ||     6
  Eat: Chunk             |     3 |     9 |     2 ||    14
       Ration            |       |       |     1 ||     1
Armor: Robe              |    13 |     9 |    18 ||    40
Dodge: Dodged            |    72 |    80 |    64 ||   216

Table legend:
 A = Non-vault XP
 B = Vault XP
 C = Vault XP percentage of total XP
 D = Non-vault monster count
 E = Vault monster count
 F = Vault count percentage of total count
                 A         B        C        D         E       F
            +---------+---------+-------+---------+---------+-------
      Total |    1443 |      73 |   4.8 |     105 |       2 |   1.9
            +---------+---------+-------+---------+---------+-------
        D:1 |      82 |       0 |   0.0 |      31 |       0 |   0.0
        D:2 |      72 |       0 |   0.0 |      14 |       0 |   0.0
        D:3 |     144 |      73 |  33.6 |      25 |       2 |   7.4
        D:4 |     742 |       0 |   0.0 |      28 |       0 |   0.0
        D:5 |     403 |       0 |   0.0 |       7 |       0 |   0.0
            +---------+---------+-------+---------+---------+-------
